| TOP OF THE 1ST |
|
Staten Island Yankees batting - Pitching for Idaho Falls Chukars : RHP Brian Owens
|
|
Pitching: RHP Brian Owens
|
|
|
Batting: RHB Norimoto Miyanishi
|
0-0: Ball 1-0: Ball 2-0: Called Strike 2-1: Ground out 6-3 (Groundball, 6S, EV 76.2 MPH)
|
|
Batting: LHB Carlos Palau
|
0-0: Ball 1-0: Ball 2-0: Called Strike 2-1: Foul Ball, location: 2F 2-2: Fly out, F5 (Line Drive, 5L, EV 68.8 MPH)
|
|
Batting: RHB Pat Pemberton
|
0-0: Foul Ball, location: 2F 0-1: Ground out 6-3 (Groundball, 56, EV 97.5 MPH)
|
| Top of the 1st over - 0 runs, 0 hits, 0 errors, 0 left on base; Staten Island 0 - Idaho Falls 0 |
| BOTTOM OF THE 1ST |
|
Idaho Falls Chukars batting - Pitching for Staten Island Yankees : LHP Daniel Fagan
|
|
Pitching: LHP Daniel Fagan
|
|
|
Batting: RHB Shura Mogilny
|
0-0: Called Strike 0-1: Foul Ball, location: 2F 0-2: Strikes out swinging
|
|
Batting: RHB Tim Williams
|
0-0: Called Strike 0-1: SOLO HOME RUN (Flyball, 7D, EV 100.0 MPH), Distance : 381 ft
|
|
Batting: RHB Hugo Chavez
|
0-0: Ball 1-0: Called Strike 1-1: Foul Ball, location: 2F 1-2: Foul Ball, location: 2F 1-2: Foul Ball, location: 2F 1-2: Ball 2-2: Foul Ball, location: 2F 2-2: Ball 3-2: Strikes out swinging
|
|
Batting: LHB Jayden Pelayo
|
0-0: Foul Ball, location: 2F 0-1: Ball 1-1: Swinging Strike 1-2: Ground out 4-3 (Groundball, 4M, EV 95.6 MPH)
|
| Bottom of the 1st over - 1 run, 1 hit, 0 errors, 0 left on base; Staten Island 0 - Idaho Falls 1 |
| TOP OF THE 2ND |
|
Staten Island Yankees batting - Pitching for Idaho Falls Chukars : RHP Brian Owens
|
|
Batting: RHB Brad Wren
|
0-0: Foul Ball, location: 2F 0-1: Ground out 6-3 (Groundball, 6, EV 106.2 MPH)
|
|
Batting: LHB Justin Short
|
0-0: Ball 1-0: Ball 2-0: TRIPLE (Flyball, 89XD, EV 106.9 MPH)
|
|
Batting: RHB Edite Leoni
|
0-0: Foul Ball, location: 2F 0-1: Ball 1-1: Ball 2-1: Foul Ball, location: 2F 2-2: Foul Ball, location: 2F 2-2: Foul Ball, location: 2F 2-2: Ball 3-2: Ground out 6-3 (Groundball, 6, EV 77.5 MPH) Justin Short scores
|
|
Batting: SHB Adam Slade
|
0-0: Called Strike 0-1: Ball 1-1: Swinging Strike 1-2: Ball 2-2: Foul Ball, location: 2F 2-2: Foul Ball, location: 2F 2-2: Ball 3-2: TRIPLE (Flyball, 89XD, EV 97.5 MPH)
|
|
Batting: RHB Jesus Ruiz
|
0-0: SINGLE (Groundball, 56D, EV 104.4 MPH) Adam Slade scores
|
|
Batting: LHB Danny de Leon
|
0-0: Ground out 4-3 (Groundball, 4MS, EV 79.4 MPH)
|
| Top of the 2nd over - 2 runs, 3 hits, 0 errors, 1 left on base; Staten Island 2 - Idaho Falls 1 |
| BOTTOM OF THE 2ND |
|
Idaho Falls Chukars batting - Pitching for Staten Island Yankees : LHP Daniel Fagan
|
|
Batting: RHB Masakuni Takeuchi
|
0-0: Swinging Strike 0-1: Ball 1-1: Ball 2-1: Fly out, F8 (Line Drive, 8RD, EV 86.9 MPH)
|
|
Batting: RHB Bill Cranton
|
0-0: Ball 1-0: Called Strike 1-1: Called Strike 1-2: Foul Ball, location: 2F 1-2: Foul Ball, location: 2F 1-2: Strikes out looking
|
|
Batting: RHB Jon Shonka
|
0-0: Fly out, F8 (Flyball, 8RD, EV 94.4 MPH)
|
| Bottom of the 2nd over - 0 runs, 0 hits, 0 errors, 0 left on base; Staten Island 2 - Idaho Falls 1 |
| TOP OF THE 3RD |
|
Staten Island Yankees batting - Pitching for Idaho Falls Chukars : RHP Brian Owens
|
|
Batting: RHB Norimoto Miyanishi
|
0-0: Fly out, F9 (Line Drive, 89M, EV 95.6 MPH)
|
|
Batting: LHB Carlos Palau
|
0-0: Ball 1-0: Foul Ball, location: 2F 1-1: SINGLE (Groundball, 6M, EV 83.8 MPH) (infield hit)
|
|
Batting: RHB Pat Pemberton
|
0-0: Ball Carlos Palau steals 2nd base 1-0: Called Strike 1-1: Ball 2-1: Swinging Strike 2-2: 2-RUN HOME RUN (Flyball, 9LD, EV 94.4 MPH), Distance : 360 ft
|
|
Batting: RHB Brad Wren
|
0-0: Ball 1-0: Foul Ball, location: 2F 1-1: Swinging Strike 1-2: Ball 2-2: Ball 3-2: Strikes out swinging
|
|
Batting: LHB Justin Short
|
0-0: Ball 1-0: Foul Ball, location: 2F 1-1: Ball 2-1: Called Strike 2-2: Ball 3-2: Ground out 4-3 (Groundball, 4S, EV 91.2 MPH)
|
| Top of the 3rd over - 2 runs, 2 hits, 0 errors, 0 left on base; Staten Island 4 - Idaho Falls 1 |
| BOTTOM OF THE 3RD |
|
Idaho Falls Chukars batting - Pitching for Staten Island Yankees : LHP Daniel Fagan
|
|
Batting: RHB Matt Weddle
|
0-0: Ball 1-0: Foul Ball, location: 2F 1-1: Ball 2-1: Foul Ball, location: 2F 2-2: Strikes out looking
|
|
Batting: SHB Glenn Harrison
|
0-0: Called Strike 0-1: Ball 1-1: Foul Ball, location: 2F 1-2: Strikes out swinging
|
|
Batting: RHB Shura Mogilny
|
0-0: Called Strike 0-1: Called Strike 0-2: Strikes out swinging
|
| Bottom of the 3rd over - 0 runs, 0 hits, 0 errors, 0 left on base; Staten Island 4 - Idaho Falls 1 |
| TOP OF THE 4TH |
|
Staten Island Yankees batting - Pitching for Idaho Falls Chukars : RHP Brian Owens
|
|
Batting: RHB Edite Leoni
|
0-0: Ground out 1-3 (Groundball, P, EV 71.2 MPH)
|
|
Batting: SHB Adam Slade
|
0-0: Ball 1-0: Ball 2-0: Ball 3-0: Called Strike 3-1: Base on Balls
|
|
Batting: RHB Jesus Ruiz
|
0-0: Ball 1-0: Ball 2-0: Grounds into double play, 4-6-3 (Groundball, 4, EV 78.8 MPH)
|
| Top of the 4th over - 0 runs, 0 hits, 0 errors, 0 left on base; Staten Island 4 - Idaho Falls 1 |
| BOTTOM OF THE 4TH |
|
Idaho Falls Chukars batting - Pitching for Staten Island Yankees : LHP Daniel Fagan
|
|
Batting: RHB Tim Williams
|
0-0: Ball 1-0: Ball 2-0: Ball 3-0: Called Strike 3-1: Base on Balls
|
|
Batting: RHB Hugo Chavez
|
0-0: Ball 1-0: Ball Wild Pitch! Tim Williams to second 2-0: Ball 3-0: Swinging Strike 3-1: Ground out U3 (Groundball, 13, EV 81.2 MPH) Tim Williams to third
|
|
Batting: LHB Jayden Pelayo
|
0-0: Ball 1-0: Ball 2-0: Ball 3-0: Called Strike 3-1: Called Strike 3-2: Strikes out looking
|
|
Batting: RHB Masakuni Takeuchi
|
0-0: Called Strike 0-1: Called Strike 0-2: Ball 1-2: Ball 2-2: Ball 3-2: Fly out, F7 (Flyball, 7D, EV 103.8 MPH)
|
| Bottom of the 4th over - 0 runs, 0 hits, 0 errors, 1 left on base; Staten Island 4 - Idaho Falls 1 |
| TOP OF THE 5TH |
|
Staten Island Yankees batting - Pitching for Idaho Falls Chukars : RHP Brian Owens
|
|
Batting: LHB Danny de Leon
|
0-0: Ball 1-0: Called Strike 1-1: SINGLE (Line Drive, 8LS, EV 106.2 MPH)
|
|
Batting: RHB Norimoto Miyanishi
|
0-0: Called Strike 0-1: Ball 1-1: Called Strike 1-2: Ball 2-2: Ball 3-2: Base on Balls Danny de Leon to second
|
|
Batting: LHB Carlos Palau
|
0-0: Foul Ball, location: 2F 0-1: Swinging Strike 0-2: Ball 1-2: Strikes out looking
|
|
Batting: RHB Pat Pemberton
|
0-0: Ball 1-0: Called Strike 1-1: Ball 2-1: Foul Ball, location: 2F 2-2: SINGLE (Groundball, 5D, EV 96.9 MPH) Danny de Leon to third Norimoto Miyanishi to second
|
|
Pitching: LHP Adrian Sanchez
|
|
|
Batting: RHB Brad Wren
|
0-0: Ball 1-0: GRAND SLAM HOME RUN (Flyball, 78XD, EV 108.8 MPH), Distance : 398 ft
|
|
Batting: LHB Justin Short
|
0-0: Ball 1-0: Ball 2-0: Ball 3-0: Base on Balls
|
|
Batting: RHB Edite Leoni
|
0-0: Ball 1-0: DOUBLE (Line Drive, 5D, EV 96.9 MPH) Justin Short to third
|
|
Batting: SHB Adam Slade
|
0-0: Ball 1-0: Foul Ball, location: 2F 1-1: Hit by Pitch
|
|
Batting: RHB Jesus Ruiz
|
0-0: Fielders Choice at 2nd, 6-4 (Groundball, 6, EV 86.9 MPH) Justin Short scores Edite Leoni to third
|
|
Batting: LHB Danny de Leon
|
0-0: Called Strike 0-1: Called Strike 0-2: Ball 1-2: Strikes out swinging
|
| Top of the 5th over - 5 runs, 4 hits, 0 errors, 2 left on base; Staten Island 9 - Idaho Falls 1 |
| BOTTOM OF THE 5TH |
|
Idaho Falls Chukars batting - Pitching for Staten Island Yankees : LHP Daniel Fagan
|
|
Batting: RHB Bill Cranton
|
0-0: Ball 1-0: Fly out, F8 (Flyball, 8LXD, EV 101.9 MPH)
|
|
Batting: RHB Jon Shonka
|
0-0: SOLO HOME RUN (Flyball, 7D, EV 100.6 MPH), Distance : 375 ft
|
|
Batting: RHB Matt Weddle
|
0-0: Called Strike 0-1: Ball 1-1: Swinging Strike 1-2: Strikes out swinging, 2-3 out at first.
|
|
Batting: SHB Glenn Harrison
|
0-0: Ball 1-0: Ball 2-0: Foul Ball, location: 2F 2-1: SINGLE (Groundball, 34D, EV 96.9 MPH)
|
|
Batting: RHB Shura Mogilny
|
0-0: Ball 1-0: Called Strike 1-1: Ball Glenn Harrison is caught stealing 2nd base 2-4
|
| Bottom of the 5th over - 1 run, 2 hits, 0 errors, 0 left on base; Staten Island 9 - Idaho Falls 2 |
| TOP OF THE 6TH |
|
Staten Island Yankees batting - Pitching for Idaho Falls Chukars : LHP Adrian Sanchez
|
|
Batting: RHB Norimoto Miyanishi
|
0-0: Called Strike 0-1: Foul Ball, location: 2F 0-2: Hit by Pitch
|
|
Batting: LHB Carlos Palau
|
0-0: Ball 1-0: Foul Ball, location: 2F 1-1: Foul Ball, location: 2F 1-2: Strikes out swinging
|
|
Batting: RHB Pat Pemberton
|
0-0: Ball 1-0: Ball 2-0: Foul Ball, location: 2F 2-1: Ball 3-1: Base on Balls Norimoto Miyanishi to second
|
|
Batting: RHB Brad Wren
|
0-0: Ball Wild Pitch! Norimoto Miyanishi to third Pat Pemberton to second 1-0: Ball 2-0: Ball 3-0: Called Strike 3-1: Swinging Strike 3-2: Strikes out swinging
|
|
Batting: LHB Justin Short
|
0-0: Foul Ball, location: 2F 0-1: Reached on error, E4 (Groundball, 4M, EV 104.4 MPH) Norimoto Miyanishi scores Pat Pemberton to third
|
|
Batting: RHB Edite Leoni
|
0-0: Fly out, F7 (Flyball, 7, EV 85.0 MPH)
|
| Top of the 6th over - 1 run, 0 hits, 1 error, 2 left on base; Staten Island 10 - Idaho Falls 2 |
| BOTTOM OF THE 6TH |
|
Idaho Falls Chukars batting - Pitching for Staten Island Yankees : LHP Daniel Fagan
|
|
Batting: RHB Shura Mogilny
|
0-0: Called Strike 0-1: Ball 1-1: Ground out 4-3 (Groundball, 4, EV 81.9 MPH)
|
|
Batting: RHB Tim Williams
|
0-0: Ball 1-0: Swinging Strike 1-1: Ball 2-1: Foul Ball, location: 2F 2-2: Strikes out swinging
|
|
Batting: RHB Hugo Chavez
|
0-0: Foul Ball, location: 2F 0-1: Swinging Strike 0-2: Ball 1-2: Strikes out swinging
|
| Bottom of the 6th over - 0 runs, 0 hits, 0 errors, 0 left on base; Staten Island 10 - Idaho Falls 2 |
| TOP OF THE 7TH |
|
Staten Island Yankees batting - Pitching for Idaho Falls Chukars : LHP Adrian Sanchez
|
|
Batting: SHB Adam Slade
|
0-0: Ball 1-0: Ball 2-0: Ball 3-0: Called Strike 3-1: Base on Balls
|
|
Pitching: RHP Obiniana Gaters
|
|
|
Batting: RHB Jesus Ruiz
|
0-0: Ball 1-0: Called Strike 1-1: Foul Ball, location: 2F 1-2: Ball 2-2: Foul Ball, location: 2F 2-2: Ball 3-2: Foul Ball, location: 2F 3-2: Base on Balls Adam Slade to second
|
|
Batting: LHB Danny de Leon
|
0-0: Ball 1-0: Ball 2-0: Foul Ball, location: 2F 2-1: Fly out, F8 (Line Drive, 8LD, EV 85.6 MPH)
|
|
Batting: RHB Norimoto Miyanishi
|
0-0: Called Strike 0-1: Ball 1-1: Ball 2-1: Swinging Strike 2-2: Foul Ball, location: 2F 2-2: Ball 3-2: Foul Ball, location: 2F 3-2: Foul Ball, location: 2F 3-2: Base on Balls Adam Slade to third Jesus Ruiz to second
|
|
Pitching: RHP Victor Maravilla
|
|
|
Pinch Hitting: LHB Dario Segura
|
0-0: Called Strike 0-1: Called Strike 0-2: Strikes out looking
|
|
Batting: RHB Pat Pemberton
|
0-0: Ball 1-0: Swinging Strike 1-1: Ball 2-1: Ball 3-1: Called Strike 3-2: Base on Balls Adam Slade scores Jesus Ruiz to third Norimoto Miyanishi to second
|
|
Batting: RHB Brad Wren
|
0-0: Called Strike 0-1: Ball 1-1: Ball 2-1: Ball 3-1: Base on Balls Jesus Ruiz scores Norimoto Miyanishi to third Pat Pemberton to second
|
|
Batting: LHB Justin Short
|
0-0: Ball 1-0: Swinging Strike 1-1: Called Strike 1-2: Ball 2-2: Strikes out swinging
|
| Top of the 7th over - 2 runs, 0 hits, 0 errors, 3 left on base; Staten Island 12 - Idaho Falls 2 |
| BOTTOM OF THE 7TH |
|
Idaho Falls Chukars batting - Pitching for Staten Island Yankees : LHP Daniel Fagan
|
|
Now in LF: Matt Thompson
|
|
|
Batting: LHB Jayden Pelayo
|
0-0: Called Strike 0-1: Ball 1-1: Swinging Strike 1-2: Ball 2-2: Ball 3-2: TRIPLE (Groundball, 3L, EV 108.8 MPH)
|
|
Batting: RHB Masakuni Takeuchi
|
0-0: Called Strike 0-1: Foul Ball, location: 2F 0-2: Ball Passed Ball! Jayden Pelayo scores 1-2: Ball 2-2: Ball 3-2: Base on Balls
|
|
Pitching: RHP Gary Salazar
|
|
|
Batting: RHB Bill Cranton
|
0-0: Swinging Strike 0-1: Ball 1-1: Ball 2-1: DOUBLE (Flyball, 78D, EV 97.5 MPH) Masakuni Takeuchi to third
|
|
Batting: RHB Jon Shonka
|
0-0: Swinging Strike 0-1: Called Strike 0-2: Ball 1-2: Strikes out swinging
|
|
Pinch Hitting: RHB David Rubio
|
0-0: Ball 1-0: Ball 2-0: Called Strike 2-1: Ball 3-1: Base on Balls
|
|
Batting: SHB Glenn Harrison
|
0-0: Foul Ball, location: 2F 0-1: DOUBLE (Line Drive, 9LS, EV 113.1 MPH) Masakuni Takeuchi scores Bill Cranton scores David Rubio to third
|
|
Batting: RHB Shura Mogilny
|
0-0: Called Strike 0-1: Swinging Strike 0-2: Ball Passed Ball! David Rubio scores Glenn Harrison to third 1-2: Foul Ball, location: 2F 1-2: Foul Ball, location: 2F 1-2: Foul Ball, location: 2F 1-2: Strikes out swinging
|
|
Batting: RHB Tim Williams
|
0-0: Called Strike 0-1: Ball 1-1: Foul Ball, location: 2F 1-2: Ball 2-2: Foul Ball, location: 2F 2-2: Fly out, F8 (Flyball, 8RD, EV 96.9 MPH)
|
| Bottom of the 7th over - 4 runs, 3 hits, 0 errors, 1 left on base; Staten Island 12 - Idaho Falls 6 |
| TOP OF THE 8TH |
|
Staten Island Yankees batting - Pitching for Idaho Falls Chukars : RHP Victor Maravilla
|
|
Now in LF: Danny Jefferies
|
|
|
Batting: RHB Edite Leoni
|
0-0: Ball 1-0: Called Strike 1-1: Ball 2-1: Foul Ball, location: 2F 2-2: Ball 3-2: Foul Ball, location: 2F 3-2: Strikes out looking
|
|
Batting: SHB Adam Slade
|
0-0: Called Strike 0-1: Ball 1-1: Foul Ball, location: 2F 1-2: Strikes out swinging
|
|
Batting: RHB Jesus Ruiz
|
0-0: Called Strike 0-1: Ball 1-1: Ball 2-1: Foul Ball, location: 2F 2-2: Foul Ball, location: 2F 2-2: Ground out 5-3 (Groundball, 5L, EV 104.4 MPH)
|
| Top of the 8th over - 0 runs, 0 hits, 0 errors, 0 left on base; Staten Island 12 - Idaho Falls 6 |
| BOTTOM OF THE 8TH |
|
Idaho Falls Chukars batting - Pitching for Staten Island Yankees : RHP Gary Salazar
|
|
Batting: RHB Hugo Chavez
|
0-0: Ball 1-0: Swinging Strike 1-1: Foul Ball, location: 2F 1-2: Strikes out swinging
|
|
Batting: LHB Jayden Pelayo
|
0-0: Ground out 4-3 (Groundball, 4, EV 105.0 MPH)
|
|
Batting: RHB Masakuni Takeuchi
|
0-0: Ball 1-0: Ball 2-0: Foul Ball, location: 2F 2-1: Ground out 1-3 (Groundball, 13S, EV 64.4 MPH)
|
| Bottom of the 8th over - 0 runs, 0 hits, 0 errors, 0 left on base; Staten Island 12 - Idaho Falls 6 |
| TOP OF THE 9TH |
|
Staten Island Yankees batting - Pitching for Idaho Falls Chukars : RHP Victor Maravilla
|
|
Batting: LHB Danny de Leon
|
0-0: Called Strike 0-1: Foul Ball, location: 2F 0-2: Strikes out swinging
|
|
Batting: RHB Norimoto Miyanishi
|
0-0: Ball 1-0: Swinging Strike 1-1: Foul Ball, location: 2F 1-2: Ball 2-2: Foul Ball, location: 2F 2-2: Ground out 4-3 (Groundball, 4, EV 80.6 MPH)
|
|
Batting: RHB Matt Thompson
|
0-0: Called Strike 0-1: Swinging Strike 0-2: Ball 1-2: Ball 2-2: Foul Ball, location: 2F 2-2: Fly out, F9 (Line Drive, 9, EV 98.8 MPH)
|
| Top of the 9th over - 0 runs, 0 hits, 0 errors, 0 left on base; Staten Island 12 - Idaho Falls 6 |
| BOTTOM OF THE 9TH |
|
Idaho Falls Chukars batting - Pitching for Staten Island Yankees : RHP Gary Salazar
|
|
Batting: RHB Bill Cranton
|
0-0: Ball 1-0: SINGLE (Groundball, 4D, EV 97.5 MPH)
|
|
Pitching: RHP Nate LaCava
|
|
|
Batting: RHB Jon Shonka
|
0-0: Ball 1-0: Ground out 5-3 (Groundball, 56S, EV 66.9 MPH) Bill Cranton to second
|
|
Pinch Hitting: RHB Juan Nieves
|
Balk! Bill Cranton to third 0-0: Fly out, F7 (Flyball, 78D, EV 110.0 MPH) Runner from 3rd tags up, SCORES, no throw by LF
|
|
Batting: SHB Glenn Harrison
|
0-0: Ball 1-0: Called Strike 1-1: Foul Ball, location: 2F 1-2: Foul Ball, location: 2F 1-2: SOLO HOME RUN (Flyball, 7D, EV 108.8 MPH), Distance : 396 ft
|
|
Batting: RHB Shura Mogilny
|
0-0: Ball 1-0: Ball 2-0: Ball 3-0: Called Strike 3-1: Foul Ball, location: 2F 3-2: Foul Ball, location: 2F 3-2: Ground out 6-3 (Groundball, 6, EV 80.0 MPH)
|
| Bottom of the 9th over - 2 runs, 2 hits, 0 errors, 0 left on base; Staten Island 12 - Idaho Falls 8 |
|